Map: Central Protocol

Players

Natorious

  • Race: Protoss Protoss
  • League: Silver

Ame - Winner!

  • Race: Zerg Zerg
  • League: Bronze

VOD

Have the link to the VOD?

Description

Time

  • Played on: Nov. 13, 2015, 7:49 p.m.
  • Length: 9:17
Show
View Real Time Build Order
Export as new Build Order

Natorious Protoss 

Build Orders:  

Get SALT Encoding   

  13  0:07  Probe (Chrono Boost)  
  13  0:17  Probe (Chrono Boost)  
  14  0:21  Pylon  
  14  0:27  Assimilator  
  14  0:36  Probe (Chrono Boost)  
  15  0:49  Gateway  
  15  1:00  Pylon  
  15  1:06  Probe (Chrono Boost)  
  16  1:16  Probe (Chrono Boost)  
  17  1:27  Probe (Chrono Boost)  
  17  1:31  Assimilator  
  18  1:37  Gateway, Probe (Chrono Boost)  
  19  1:45  Pylon  
  19  1:51  Zealot (Chrono Boost)  
  21  2:06  Probe  
  22  2:14  Cybernetics Core  
  22  2:15  Zealot (Chrono Boost)  
  23  2:18  Probe  
  24  2:27  Zealot (Chrono Boost)  
  26  3:00  Nexus  
  26  3:13  Pylon  
  26  3:18  Probe  
  27  3:31  Probe  
  28  3:35  Warp Gate (Chrono Boost)  
  28  3:43  Probe  
  28  3:48  Gateway  
  29  3:55  Mothership Core  
  31  4:06  Pylon  
  31  4:13  Gateway  
  31  4:16  Probe  
  30  4:28  Probe  
  31  4:35  Probe  
  32  4:40  Probe  
  32  4:45  Probe  
  35  4:52  Probe  
  35  4:56  Probe  
  36  5:06  Probe x2  
  38  5:17  Probe  
  38  5:18  Probe  
  40  5:26  Protoss Air Weapons Level 1 (Chrono Boost)  
  40  5:30  Probe  
  40  5:34  Forge  
  41  5:40  Stalker x2  
  41  5:41  Stalker x2  
  41  5:42  Probe  
  40  6:35  Zealot x2  
  40  6:36  Zealot x2  
  44  6:46  Photon Cannon  
  44  6:51  Photon Cannon  
  36  6:58  Gateway  
  36  7:04  Photon Cannon  
  34  7:10  Stalker  
  35  7:18  Photon Cannon  
  35  7:22  Zealot, Photon Cannon  
  35  7:23  Zealot x2  
  41  7:30  Gateway  
  41  7:44  Zealot  
  41  7:45  Zealot  
  41  7:46  Zealot  
  33  8:13  Pylon  
  33  8:19  Photon Cannon  
  33  8:23  Photon Cannon  
  33  8:26  Pylon  
  33  8:34  Pylon  
  33  8:35  Zealot x3  
  33  8:36  Zealot  
Show
View Real Time Build Order
Export as new Build Order

Ame Zerg - Winner!

Build Orders: Pool First 

Get SALT Encoding   

  12  0:02  Drone  
  13  0:08  Drone  
  14  0:17  Overlord  
  14  0:35  Drone  
  15  0:36  Drone x2  
  17  0:47  Spawning Pool  
  17  0:49  Drone  
  17  0:58  Drone  
  18  1:15  Hatchery  
  18  1:17  Extractor  
  18  1:18  Drone  
  17  1:21  Drone  
  18  1:30  Drone  
  19  1:36  Queen  
  21  1:41  Overlord  
  21  1:51  Zergling x2  
  22  2:02  Zergling x2  
  23  2:12  Queen  
  25  2:20  Zergling x2  
  26  2:26  Drone  
  26  2:28  Drone  
  28  2:37  Metabolic Boost  
  28  2:40  Drone x2, Baneling Nest  
  29  2:47  Drone x3  
  32  2:56  Drone  
  33  3:03  Drone x2  
  33  3:04  Extractor  
  34  3:13  Drone  
  34  3:14  Roach Warren  
  34  3:16  Lair  
  34  3:17  Drone  
  35  3:26  Drone  
  36  3:28  Overlord  
  36  3:30  Overlord  
  36  4:03  Drone  
  36  4:04  Extractor  
  36  4:05  Drone x4  
  36  4:06  Drone x2  
  36  4:07  Drone x2  
  36  4:08  Drone  
  36  4:09  Drone x2  
  47  4:12  Extractor  
  45  4:26  Roach  
  45  4:27  Roach  
  47  4:39  Drone x3  
  47  4:42  Drone  
  51  4:47  Glial Reconstitution  
  51  4:51  Drone  
  52  4:53  Infestation Pit  
  51  5:02  Drone  
  51  5:03  Hydralisk Den  
  51  5:12  Zergling x2  
  52  5:16  Overlord  
  52  5:17  Overlord x6  
  52  5:27  Evolution Chamber, Hatchery  
  50  5:30  Drone  
  50  5:31  Drone  
  50  5:32  Evolution Chamber  
  50  5:35  Drone  
  52  5:37  Drone x2  
  54  5:51  Zergling x8  
  54  5:53  Zergling x2  
  59  5:59  Zergling x2  
  59  6:00  Zergling x10  
  65  6:10  Queen  
  67  6:13  Zerg Missile Weapons Level 1, Zerg Melee Weapons Level 1  
  67  6:17  Overlord x2  
  67  6:27  Roach x3  
  67  6:29  Roach  
  70  6:49  Drone x9  
  70  6:52  Queen  
  76  6:57  Roach  
  78  7:11  Roach x7  
  78  7:12  Roach x2  
  78  7:14  Roach  
  98  7:20  Hive  
  98  7:23  Roach  
  98  7:24  Roach x2  
  98  7:26  Roach  
  106  7:43  Roach x3  
  94  8:06  Roach  
  94  8:07  Roach x10  
  114  8:31  Overlord x2  
  114  8:32  Overlord x8  
Tags
 
Add a new tag
Caveats
  • Supply blocks, unpowered buildings, or Contaminate may cause inaccurate times.
  • Supply counts are checked every 10 seconds.